 Dungeon Crawl Stone Soup version 0.21.1-1-g345015f (webtiles) character file.

122 yevrey the Ruffian (level 4, 0/37 HPs)
             Began as a Draconian Transmuter on Mar 31, 2018.
             Slain by an adder (1 damage)
             ... on level 3 of the Dungeon.
             The game lasted 00:06:43 (2192 turns).

yevrey the Ruffian (Draconian Transmuter)           Turns: 2192, Time: 00:06:43

Health: 0/37       AC:  2    Str: 13    XL:     4   Next: 78%
Magic:  6/8        EV: 19    Int: 14    God:
Gold:   28         SH:  0    Dex: 16    Spells: 0/8 levels left

rFire    + . .     SeeInvis .     - Unarmed
rCold    + . .     Gourm    .   (shield currently unavailable)
rNeg     . . .     Faith    .   (armour unavailable)
rPois    .         Spirit   .   (helmet currently unavailable)
rElec    +         Reflect  .   (cloak currently unavailable)
rCorr    +         Harm     .   (gloves currently unavailable)
MR       .....                  (boots currently unavailable)
Stlth    +.........             (no amulet)
HPRegen  0.12/turn              (no ring)
MPRegen  0.11/turn              (no ring)

@: lethally poisoned (0 -> -3), spider-form (expiring), resistant
A: tiny, unfitting armour, AC +5
a: End Transformation


You were on level 3 of the Dungeon.
You were not hungry.
You were a venomous arachnid creature.
You visited 1 branch of the dungeon, and saw 3 of its levels.

You collected 28 gold pieces.

Inventory:

Missiles
 a - 42 arrows
Armour
 k - a +0 pair of boots
Jewellery
 e - an uncursed ring of positive energy {unknown}
 h - a cursed ring of teleportation {unknown}
 l - a cursed ring of loudness {unknown}
 m - an uncursed ring of protection from cold {unknown}
Scrolls
 d - a scroll of immolation {unknown}
 g - a scroll of noise {unknown}
 i - a scroll of magic mapping {unknown}
 j - a scroll of teleportation {unknown}
 o - a scroll of remove curse {unknown}
 r - a scroll of blinking {unknown}
Potions
 f - a potion of flight {unknown}
 q - 2 potions of resistance
Books
 b - a book of Changes

   Spells                             Type                      Level
   a - Beastly Appendage              Transmutation                1
   b - Sticks to Snakes               Transmutation                2
   c - Spider Form                    Transmutation/Poison         3
   d - Ice Form                       Ice/Transmutation            4
   e - Blade Hands                    Transmutation                5
 p - a book of Minor Magic

   Spells                             Type                      Level
   a - Magic Dart                     Conjuration                  1
   b - Blink                          Translocation                2
   c - Call Imp                       Summoning                    2
   d - Slow                           Hexes                        2
   e - Conjure Flame                  Conjuration/Fire             3
   f - Mephitic Cloud                 Conjuration/Poison/Air       3
Comestibles
 c - 3 rations


   Skills:
 * Level 2.3 Fighting
 - Level 1.7 Dodging
 + Level 3.9 Unarmed Combat
 + Level 2.8 Spellcasting
 + Level 2.8 Transmutations
 * Level 0.9 Poison Magic


You couldn't memorise any spells.
You knew the following spells:

 Your Spells              Type           Power        Failure   Level  Hunger
a - Beastly Appendage     Tmut           ##....       19%         1    #......
b - Sticks to Snakes      Tmut           ##......     24%         2    ###....
c - Spider Form           Tmut/Pois      #.........   52%         3    ###....
d - Blink                 Tloc           N/A          54%         2    ###....


Dungeon Overview and Level Annotations

Branches:
Dungeon (3/15)

Altars:
Cheibriados


Innate Abilities, Weirdness & Mutations

((Your plain brown scales are hard. (AC +5)))
You cannot fit into any form of body armour.
((You are cold-blooded and may be slowed by cold attacks.))


Message History

You kill the worm!
A worm comes into view.
Your transformation is almost over.
Found 22 stones.
An adder and a quokka come into view.
The adder closely misses you.
You bite the worm!
The worm is poisoned.
The worm is moderately wounded.
The adder bites you.
* * * LOW HITPOINT WARNING * * *
You are poisoned.
The adder poisons you! The worm bites you!
* * * LOW HITPOINT WARNING * * *
It was a potion of resistance.
You feel protected.
* * * LOW HITPOINT WARNING * * *
You feel sick. The adder misses you.
* * * LOW HITPOINT WARNING * * *
You feel sick. The adder bites you.
You die...

#.#...#.# # #
###.#.#.#.. .# #
#.......#.### #.#
#.. #.......#.#..
..# ###
#.......#.#.#...###
#.......#.#.#.....#
#
###+#.....#........
# ###.#.S...r...# #
.%.#.sw#.#.... #
#####.#...# #
#(#...# #.#...#
........ #.#######
#.. ..


You could see a worm, an adder and a quokka.

Vanquished Creatures
  A hound (D:2)
  3 adders
  An ooze (D:1)
  3 worms
  3 leopard geckos
  An orc (D:2)
  A giant cockroach (D:2)
  4 goblins
  4 hobgoblins
  6 jackals (D:2)
  5 kobolds (D:1)
  3 bats (D:1)
  A frilled lizard (D:1)
  6 rats
42 creatures vanquished.

Vanquished Creatures (collateral kills)
  An ooze (D:1)
  2 worms (D:2)
  A bat (D:2)
  2 goblins (D:2)
  2 hobgoblins
  2 frilled lizards
10 creatures vanquished.

Grand Total: 52 creatures vanquished

Notes
Turn   | Place    | Note
-------+----------+-------------------------------------------
     0 | D:1      | yevrey the Draconian Transmuter began the quest for the Orb.
     0 | D:1      | Reached XP level 1. HP: 16/16 MP: 3/3
   150 | D:2      | Reached XP level 2. HP: 19/23 MP: 3/5
   154 | D:2      | Learned a level 2 spell: Sticks to Snakes
   533 | D:2      | Reached XP level 3. HP: 15/29 MP: 1/6
   738 | D:1      | Found a snail-covered altar of Cheibriados.
   816 | D:1      | Learned a level 3 spell: Spider Form
  1632 | D:2      | Reached XP level 4. HP: 13/36 MP: 3/7
  1900 | D:2      | Learned a level 2 spell: Blink
  2192 | D:3      | HP: 1/37 [poisoned by an adder]
  2192 | D:3      | Slain by an adder

Skill      XL: |  1  2  3 |
---------------+----------+-----
Fighting       | 2 |  2.3
Dodging        | |  1.7
Unarmed Combat | |  3.9
Spellcasting   | |  2.8
Transmutations | |  2.8
Poison Magic   | |  0.9

Action                   |  1- 3 |  4- 6 || total
-------------------------+-------+-------++-------
Melee: Unarmed           |   128 |    41 ||   169
       Headbutt          |     8 |       ||     8
       Tailslap          |     4 |     3 ||     7
       Kick              |     2 |     2 ||     4
 Cast: Beastly Appendage |    18 |     5 ||    23
       Sticks to Snakes  |     9 |     1 ||    10
       Spider Form       |     1 |     3 ||     4
  Use: Potion            |       |     1 ||     1
  Eat: Chunk             |     3 |     3 ||     6
Armor: Skin              |    41 |     2 ||    43
Dodge: Dodged            |    97 |    21 ||   118
